 Dungeon Crawl Stone Soup version 0.24-a0-335-g06ca16a (webtiles) character file.

Game seed: 6311660819481407105

886 Borgoz the Cudgeler (level 8, -4/48 HPs)
             Began as a Gargoyle Gladiator on May 18, 2019.
             Was an Initiate of Ashenzari.
             Slain by an orc warrior
             ... wielding a +0 flail
              (9 damage)
             ... on level 6 of the Dungeon.
             The game lasted 00:05:59 (4194 turns).

Borgoz the Cudgeler (Gargoyle Gladiator)            Turns: 4194, Time: 00:06:00

Health: -4/48      AC: 15    Str: 17 (20) XL:     8   Next: 5%
Magic:  8/8        EV: 12    Int:  6 (8)  God:    Ashenzari [......]
Gold:   156        SH:  3    Dex: 10 (12) Spells: 7/7 levels left

rFire    . . .     SeeInvis .   a - +0 flail
rCold    + . .     Gourm    .   (no shield)
rNeg     + . .     Faith    .   q - +0 ring mail
rPois    ∞         Spirit   .   c - +0 helmet
rElec    +         Reflect  +   (no cloak)
rCorr    .         Harm     .   (no gloves)
MR       .....                  w - +2 pair of boots
Stlth    ..........             k - +3 amulet of reflection
HPRegen  0.16/turn              t - ring of protection from cold
MPRegen  0.11/turn              (no ring)

@: no status effects
A: negative energy resistance 1, electricity resistance, unbreathing,
petrification resistance, rot immunity, AC +5
a: Curse Item, Renounce Religion


You were on level 6 of the Dungeon.
You worshipped Ashenzari.
Ashenzari was noncommittal.
You were very hungry.

You visited 2 branches of the dungeon, and saw 7 of its levels.

You collected 156 gold pieces.

Inventory:

Hand Weapons
 a - a +0 flail (weapon)
Missiles
 d - 3 throwing nets (quivered)
Armour
 c - a +0 helmet (worn)
 q - a +0 ring mail (worn)
 w - a +2 pair of boots (worn)
Jewellery
 k - a +3 amulet of reflection (around neck)
 t - a ring of protection from cold (left hand)
 v - an uncursed ring of poison resistance
Wands
 s - a wand of random effects (22)
Scrolls
 g - a scroll of fear
 i - a scroll of blinking {unknown}
 j - a scroll of magic mapping {unknown}
 l - 2 scrolls of remove curse
 m - a scroll of immolation {unknown}
 n - 4 scrolls of identify {unknown}
 o - 4 scrolls of teleportation {unknown}
 u - a scroll of random uselessness {unknown}
 y - a scroll of enchant armour {unknown}
Potions
 b - 2 potions of degeneration
 e - a potion of haste {unknown}
 h - 5 potions of curing {unknown}
 p - a potion of heal wounds {unknown}
 r - a potion of mutation {unknown}
Comestibles
 f - 10 rations


   Skills:
 + Level 4.3 Fighting
 * Level 5.9 Maces & Flails
 - Level 1.7 Throwing
 + Level 3.8 Armour
 * Level 4.8 Dodging


You had 7 spell levels left.
You didn't know any spells.
Your spell library contained the following spells:

 Spells                   Type           Power        Failure   Level  Hunger
 Confusing Touch          Hex            #.....       65%         1    ##.....
 Summon Small Mammal      Summ           #...         65%         1    ##.....
 Call Imp                 Summ           #.......     78%         2    ###....
 Call Canine Familiar     Summ           #.......     95%         3    ####...
 Confuse                  Hex            #.......     95%         3    ####...
 Gell's Gravitas          Tloc           #.........   95%         3    ####...
 Summon Guardian Golem    Hex/Summ       #.......     95%         3    ####...
 Petrify                  Tmut/Erth      #.......     100%        4    #####..
 Summon Ice Beast         Ice/Summ       #.......     100%        4    #####..
 Summon Lightning Spire   Summ/Air       #.......     100%        4    #####..
 Metabolic Englaciation   Hex/Ice        #.........   100%        5    ######.
 Yara's Violent Unravell  Hex/Tmut       #.........   100%        5    ######.


Dungeon Overview and Level Annotations

Branches:
Dungeon (6/15)             Temple (1/1) D:4

Altars:
Ashenzari
Cheibriados
Elyvilon
Fedhas
Gozag
Hepliaklqana
Kikubaaqudgha
Makhleb
Qazlal
Ru
Trog
Vehumet
Wu Jian
Xom
Yredelemnul
Zin
The Shining One

Annotations:
D:3 2 transporters, Stiffzip's ghost, amateur FoFi


Innate Abilities, Weirdness & Mutations

You are resistant to torment.
Your stone body is resilient. (AC +5)
You are immune to poison.
You resist negative energy. (rN+)
You are resistant to electric shocks. (rElec)
You can survive without breathing.
You are immune to petrification.
You are immune to rotting.


Message History

You are too injured to fight recklessly!
You are too injured to fight recklessly!
It was a potion of degeneration.
There was something very wrong with that liquid.
You feel weakened.
You feel dopey.
You feel clumsy.
The orc priest calls upon Beogh to heal the orc warrior.
The orc warrior is healed somewhat.
You block the orc's attack.
Throwing (i - inventory)
d - 3 throwing nets (quivered)
Press: ? - help, Shift-Dir - straight line, f - orc
Aim: an orc, wielding a +0 morningstar
Okay, then.
The orc priest looks encouraged for a moment.
The orc throws a boomerang.
The boomerang misses you.
The weapon returns to the orc!
The orc priest mumbles some strange prayers to Beogh against you.
Beogh smites you!
* * * LOW HITPOINT WARNING * * *
There is a stone staircase leading up here.
The orc warrior hits you with a +0 flail!
You die...

.. ....#####
.......@##
...####o.##
.........#
#...##...o.#
### ####oo.#
#..# ....
....# ...#


You could see an orc warrior, 2 orc priests and an orc.

Vanquished Creatures
  Sigmund (D:3)
  A sky beast (D:5)
  An ogre (D:5)
  A scorpion (D:4)
  A howler monkey (D:5)
  A crimson imp (D:3)
  A bullfrog skeleton (D:4)
  2 orc wizards (D:4)
  2 worker ants (D:4)
  Natasha (thrice) (D:3)
  8 adders
  A shadow imp (D:5)
  3 oozes
  An adder skeleton (D:4)
  2 worms
  A dart slug (D:4)
  3 leopard geckos
  13 orcs
  2 ball pythons
  10 bats
  6 giant cockroaches
  10 goblins
  8 hobgoblins
  5 jackals
  7 kobolds
  A quokka (D:3)
  5 frilled lizards
  A leopard gecko skeleton (D:5)
  5 rats
106 creatures vanquished.

Notes
Turn   | Place    | Note
-------+----------+-------------------------------------------
     0 | D:1      | Borgoz the Gargoyle Gladiator began the quest for the Orb.
     0 | D:1      | Reached XP level 1. HP: 12/12 MP: 1/1
    69 | D:1      | Reached XP level 2. HP: 7/18 MP: 2/2
   491 | D:1      | Reached skill level 1 in Armour
   583 | D:1      | Reached XP level 3. HP: 20/22 MP: 3/3
  1060 | D:2      | Reached XP level 4. HP: 14/27 MP: 4/4
  1267 | D:2      | Found a faded altar of an unknown god.
  1811 | D:3      | Noticed Stiffzip's ghost (amateur FoFi)
  1811 | D:3      | Noticed an ogre
  1812 | D:3      | Found a transporter.
  1822 | D:3      | Found a transporter.
  1831 | D:3      | Noticed Natasha
  1840 | D:3      | Killed Natasha
  1840 | D:3      | Reached skill level 4 in Maces & Flails
  1840 | D:3      | Reached XP level 5. HP: 19/32 MP: 5/5
  1973 | D:3      | Noticed Sigmund
  1982 | D:3      | Killed Sigmund
  1982 | D:3      | Reached XP level 6. HP: 24/37 MP: 6/6
  2018 | D:3      | Noticed Natasha
  2145 | D:3      | Killed Natasha
  2219 | D:3      | Noticed Natasha
  2229 | D:3      | Killed Natasha
  2502 | D:4      | Reached skill level 5 in Maces & Flails
  2548 | D:4      | Reached XP level 7. HP: 42/42 MP: 7/7
  2805 | D:4      | Found a shimmering altar of Xom.
  2805 | D:4      | Found a shimmering altar of Xom.
  2817 | D:4      | Found a shimmering altar of Xom.
  2817 | D:4      | Found a shimmering altar of Xom.
  3151 | D:4      | Found a hazy altar of Hepliaklqana.
  3319 | D:4      | Found a staircase to the Ecumenical Temple.
  3388 | Temple   | Entered the Ecumenical Temple
  3536 | Temple   | Became a worshipper of Ashenzari the Shackled
  3721 | D:5      | Entered Level 5 of the Dungeon
  4059 | D:5      | Reached XP level 8. HP: 41/48 MP: 8/8
  4194 | D:6      | Slain by an orc warrior

Levels and vault maps discovered:
D:1:      psy_arrival_heroes, layout_basic, nrook_mini_vaults,
          hangedman_glass_teeth
D:2:      layout_basic, chequers_ecumenical_altar_simple, first_ration
D:3:      layout_loops_ring, gammafunk_ghost_smash, uniq_natasha, uniq_sigmund
D:4:      layout_loops_corners, lemuel_crystal_altar,
          minmay_temple_entry_glassed_door, minmay_statues_item, xom_redecorated
D:5:      layout_basic
D:6:      layout_rooms, amethyst_overflow_temple_binary, serial_curves,
          eino_curves_01, eino_curves_02
Temple:   regret_index_temple_generic_petals

Skill      XL: |  1  2  3  4  5  6  7 |
---------------+----------------------+-----
Armour         | 1 2 3 |  3.8
Dodging        | 3 4 |  4.8
Maces & Flails | 4 5 |  5.9
Fighting       | 3 4 |  4.3
Throwing       | |  1.7

Action                   |  1- 3 |  4- 6 |  7- 9 || total
-------------------------+-------+-------+-------++-------
Melee: Flail             |   124 |   166 |   157 ||   447
  Use: Scroll            |       |     2 |       ||     2
       Potion            |       |       |     1 ||     1
  Eat: Chunk             |       |     6 |     4 ||    10
Armor: Leather armour    |    91 |    28 |       ||   119
       Ring mail         |       |    53 |    73 ||   126
Dodge: Dodged            |   148 |   103 |    82 ||   333
Block: Other             |    12 |    26 |    23 ||    61
       Reflection        |       |     1 |       ||     1

Table legend:
 A = Non-vault XP
 B = Vault XP
 C = Vault XP percentage of total XP
 D = Non-vault monster count
 E = Vault monster count
 F = Vault count percentage of total count
                 A         B        C        D         E       F
            +---------+---------+-------+---------+---------+-------
      Total |     993 |     273 |  21.6 |     104 |       2 |   1.9
            +---------+---------+-------+---------+---------+-------
        D:1 |      45 |       0 |   0.0 |      27 |       0 |   0.0
        D:2 |      65 |       0 |   0.0 |      18 |       0 |   0.0
        D:3 |     184 |     273 |  59.7 |      28 |       2 |   6.7
        D:4 |     334 |       0 |   0.0 |      17 |       0 |   0.0
        D:5 |     362 |       0 |   0.0 |      13 |       0 |   0.0
        D:6 |       3 |       0 |   0.0 |       1 |       0 |   0.0
            +---------+---------+-------+---------+---------+-------
